 Dungeon Crawl Stone Soup version 0.32-a0-876-gcfddb08e57 (webtiles) character file.

Game seed: 2864256462482370013

3143 oldriver the Fighter (level 9, -2/109 HPs)
             Began as an Oni Shapeshifter on Apr 1, 2024.
             Was a Follower of Yredelemnul.
             Slain by a black bear (3 damage)
             ... while petrified by a basilisk
             ... on level 8 of the Dungeon.
             The game lasted 00:14:07 (10248 turns).

oldriver the Fighter (Oni Shapeshifter)            Turns: 10248, Time: 00:14:07

Health: -2/109     AC:  4    Str: 30    XL:     9   Next: 93%
Magic:  9/9        EV:  1    Int: 11    God:    Yredelemnul [*.....]
Gold:   367        SH:  0    Dex:  8    Spells: 8/8 levels left

rFire   . . .        I - +4 flail (freeze)
rCold   + + .        (no shield)
rNeg    + + +        a - +1 animal skin
rPois   ∞            (helmet currently unavailable)
rElec   +            (cloak currently unavailable)
rCorr   .            (gloves unavailable)
SInv    +            (boots unavailable)
Will    .....        n - amulet of reflection
Stlth   +            E - +5 ring of evasion
HPRegen 0.38/turn    z - ring "Touze" {rElec rC++ Str+6 SInv}
MPRegen 0.11/turn

%: reflection
@: beast-form, petrified, wreathed by umbra
A: beast (slay +1), large, unfitting armour, horns 1, tough skin 1, double
potion healing, drunken brawling
a: Begin Untransformation, Renounce Religion, Light the Black Torch, Recall
Undead Harvest


You were on level 8 of the Dungeon.
You worshipped Yredelemnul.
Yredelemnul was noncommittal.
You were a hulking beast.
You visited 1 branch of the dungeon, and saw 8 of its levels.
You also visited: Sewer.

You collected 497 gold pieces.
You spent 130 gold pieces at shops.

Inventory:

Hand Weapons
 e - a +0 heavy mace
 l - a +5 dagger
 B - a +4 morningstar
 I - a +4 flail of freezing (weapon)
Missiles
 u - 2 throwing nets
 w - 4 boomerangs
 x - 26 stones (quivered)
Armour
 a - a +1 animal skin (worn)
 i - a +0 cloak
Jewellery
 n - an amulet of reflection (around neck)
 v - a ring of resist corrosion
 z - the ring "Touze" (right hand) {rElec rC++ Str+6 SInv}
   (You bought it in a shop on level 4 of the Dungeon)

   [ring of strength]

   Str+6:     It affects your strength (+6).
   rC++:      It greatly protects you from cold.
   rElec:     It insulates you from electricity.
   SInv:      It lets you see invisible.
 E - a +5 ring of evasion (left hand)
 J - an amulet of regeneration
 K - a +5 ring of evasion
Talismans
 c - a beast talisman (active)
 d - a flux talisman
Wands
 G - a wand of paralysis (5)
 L - a wand of iceblast (10)
 M - a wand of quicksilver (12)
Scrolls
 f - a scroll of torment
 g - 3 scrolls of fear
 j - 3 scrolls of noise {unknown}
 m - 2 scrolls of teleportation
 y - 3 scrolls of blinking
 A - 2 scrolls of enchant armour
 C - a scroll of enchant weapon
 D - a scroll of amnesia {unknown}
 H - a scroll of identify
Potions
 b - 2 potions of lignification
 h - 3 potions of brilliance
 k - a potion of haste
 o - 2 potions of enlightenment
 p - a potion of mutation {unknown}
 q - 5 potions of might
 r - a potion of resistance {unknown}
 s - 3 potions of magic {unknown}
 t - 2 potions of attraction {unknown}
 F - 2 potions of cancellation {unknown}


   Skills:
 + Level 12.7 Fighting
 * Level 7.6 Maces & Flails
 - Level 3.0 Throwing
 - Level 0.1 Armour
 - Level 4.0 Dodging
 - Level 2.6 Unarmed Combat
 - Level 3.0 Shapeshifting


You had 8 spell levels left.
You didn't know any spells.
Your spell library contained the following spells:

 Spells                   Type           Power      Damage    Failure   Level
 Foxfire                  Conj/Fire      0%         2x1d4     34%         1
 Shock                    Conj/Air       0%         1d3       34%         1
 Swiftness                Air            0%         N/A       71%         3
 Volatile Blastmotes      Fire/Tloc      0%         2d10      71%         3
 Airstrike                Air            0%         2d(0-16)  98%         4
 Fulminant Prism          Conj/Alch      0%         3d5       98%         4
 Iskenderun's Mystic Bla Conj/Tloc 0%             2d3        (+2d1     98%         4
 Conjure Ball Lightning   Conj/Air       0%         3x3d6     100%        6
 Plasma Beam              Fire/Air       0%         2x1d10    100%        6
 Starburst                Conj/Fire      0%         6d3       100%        6
 Discord                  Hex            0%         N/A       100%        8
 Disjunction              Tloc           0%         N/A       100%        8


Dungeon Overview and Level Annotations

Branches:
Dungeon (8/15)             Temple (0/1) D:6            Lair (0/5) D:8
  Sewer (visited)

Altars:
Ashenzari
Fedhas
Kikubaaqudgha
Ru
Uskayaw
Vehumet
Xom
Yredelemnul
The Shining One

Shops:
D:1 :   D:4 *


Innate Abilities, Weirdness & Mutations

You are a hulking beast.
Your limbs bulge with bestial killing power. (Slay +1)
You are immune to poison.
You are too large for most types of armour.
You have a pair of small horns on your head.
You have tough skin. (AC +1)
You gain doubled healing and magic from potions.
Whenever you drink a healing potion, you attack all around you.


Message History

The black bear claws you but does no damage.
The black bear claws you. The yak gores you! The basilisk bites you!!
The black bear bites you!
The black bear claws you but does no damage.
The black bear claws you. The yak gores you! The basilisk bites you.
The black bear completely misses you. The black bear claws you. x2
The black bear bites you! The black bear claws you. x2
* * * LOW HITPOINT WARNING * * *
The yak gores you!
* * * LOW HITPOINT WARNING * * *
The basilisk bites you. The black bear bites you.
The black bear claws you but does no damage.
The black bear claws you.
* * * LOW HITPOINT WARNING * * *
The yak gores you!
* * * LOW HITPOINT WARNING * * *
The basilisk bites you!
* * * LOW HITPOINT WARNING * * *
The black bear bites you but does no damage.
The black bear claws you but does no damage.
The black bear claws you. The black bear completely misses you.
The black bear claws you.
* * * LOW HITPOINT WARNING * * *
The black bear claws you but does no damage.
The yak gores you.
* * * LOW HITPOINT WARNING * * *
The basilisk gazes at you. You resist with some effort.
The black bear bites you but does no damage.
The black bear claws you.
* * * LOW HITPOINT WARNING * * *
The black bear claws you.
* * * LOW HITPOINT WARNING * * *
The yak gores you!
* * * LOW HITPOINT WARNING * * *
The basilisk gazes at you. You resist with some effort.
The black bear bites you!
You die...
Your body vanishes in a gout of umbral fire.

### ..# #.# #.# #.# #.#
###########.############
..............ZZhl......
########....####hY.#####
#..### .k..# #..#
....... #..# P.....P..#
## #.#. P..........# .#
#........>....... .#
###.............. Z# #..


You could see a yak, a basilisk (ally target), a black bear (berserk, ally
target), a wyvern, a friendly water moccasin zombie and a friendly bullfrog
zombie (petrified).

Vanquished Creatures
  Grinder (D:4)
  A steam dragon (D:6)
  2 water moccasins
  Edmund (D:5)
  A black bear (D:6)
  2 sky beasts
  3 centaurs (D:8)
  An ogre (D:6)
  2 phantoms (D:4)
  2 bullfrogs (D:8)
  A scorpion (D:6)
  3 wights (D:7)
  4 howler monkeys (D:7)
  4 orc priests
  A gnoll bouda (D:6)
  3 hounds
  4 jellies
  6 iguanas
  5 orc wizards
  A hell rat (Sewer)
  Robin (D:3)
  14 gnolls
  11 adders
  A river rat (Sewer)
  2 white imps
  4 ufetubi
  5 ribbon worms
  29 orcs
  5 ball pythons
  9 endoplasms
  2 giant cockroaches (D:4)
  10 goblins
  11 hobgoblins
  8 jackals
  4 quokkas
  2 bats
  4 frilled lizards
  11 kobolds
  11 rats
192 creatures vanquished.

Vanquished Creatures (collateral kills)
  A steam dragon (D:8)
1 creature vanquished.

Vanquished Creatures (others)
  A centaur zombie (D:8)
  6 orc zombies (D:6)
  A spectral ufetubus (D:6)
8 creatures vanquished.

Grand Total: 201 creatures vanquished

Notes
Turn   | Place    | Note
-------+----------+-------------------------------------------
     0 | D:1      | oldriver the Oni Shapeshifter began the quest for the Orb.
     0 | D:1      | Reached XP level 1. HP: 19/19 MP: 1/1
    76 | D:1      | Reached skill level 2 in Fighting
   179 | D:1      | You fall into a shaft and drop 1 floor!
   237 | D:1      | Reached XP level 2. HP: 22/29 MP: 2/2
   246 | D:1      | Reached skill level 3 in Fighting
   933 | D:1      | Found Iroil's Book Shoppe.
  1028 | D:2      | Reached skill level 4 in Fighting
  1028 | D:2      | Reached XP level 3. HP: 35/39 MP: 3/3
  1172 | D:2      | Reached skill level 5 in Fighting
  1172 | D:2      | Reached XP level 4. HP: 38/50 MP: 4/4
  1976 | D:2      | Reached skill level 6 in Fighting
  1976 | D:2      | Reached XP level 5. HP: 27/59 MP: 5/5
  2502 | D:3      | Identified the staff of the Original Sin {rElec rF+ Int+2
                  | Air}
  2784 | D:3      | Found a blossoming altar of Fedhas.
  2889 | D:3      | Reached skill level 7 in Fighting
  3000 | D:3      | Noticed Robin
  3175 | D:3      | Killed Robin
  3568 | D:4      | Noticed a phantom
  3580 | D:4      | Killed a phantom
  3581 | D:4      | Reached skill level 8 in Fighting
  3581 | D:4      | Reached XP level 6. HP: 61/72 MP: 6/6
  3703 | D:4      | Reached skill level 9 in Fighting
  3718 | D:4      | Reached XP level 7. HP: 35/83 MP: 7/7
  3731 | D:4      | Noticed Grinder
  3750 | D:4      | Paralysed by Grinder for 3 turns
  3755 | D:4      | Paralysed by Grinder for 3 turns
  3767 | D:4      | Paralysed by Grinder for 4 turns
  3790 | D:4      | Killed Grinder
  3791 | D:4      | Reached skill level 10 in Fighting
  4182 | D:4      | Found a glowing drain.
  4217 | Sewer    | Entered a sewer
  5462 | D:4      | Found Teixeu's Assorted Antiques.
  5469 | D:4      | Bought a glittering wooden ring for 130 gold pieces
  5469 | D:4      | Identified the ring "Touze" {rElec rC++ Str+6 SInv} (You
                  | bought it in a shop on level 4 of the Dungeon)
  5536 | D:4      | Found an ancient bone altar of Kikubaaqudgha.
  5785 | D:5      | Entered Level 5 of the Dungeon
  5785 | D:5      | Found a glowing golden altar of the Shining One.
  6055 | D:5      | Reached skill level 1 in Maces & Flails
  6133 | D:5      | Reached skill level 1 in Throwing
  6217 | D:5      | Reached XP level 8. HP: 88/94 MP: 8/8
  6689 | D:5      | Noticed Edmund
  6690 | D:5      | Found a broken altar of Ashenzari.
  6766 | D:5      | Killed Edmund
  6767 | D:5      | Reached skill level 11 in Fighting
  7180 | D:5      | Found a hide-covered altar of Uskayaw.
  7326 | D:6      | Found a shimmering altar of Xom.
  7670 | D:6      | Found a basalt altar of Yredelemnul.
  7707 | D:6      | Became a worshipper of Yredelemnul the Fallen
  7725 | D:6      | Found a staircase to the Ecumenical Temple.
  8355 | D:6      | Reached XP level 9. HP: 49/105 MP: 9/9
  8655 | D:6      | Reached skill level 5 in Maces & Flails
  8898 | D:7      | Reached * piety under Yredelemnul
  9035 | D:7      | Reached skill level 12 in Fighting
  9379 | D:7      | Found a sacrificial altar of Ru.
  9540 | D:8      | Identified the +3 robe of Dubiemn {Dex+4}
  9805 | D:8      | Found a radiant altar of Vehumet.
 10236 | D:8      | Found a staircase to the Lair.
 10247 | D:8      | HP: 5/109 [black bear (3)]
 10248 | D:8      | HP: 1/109 [yak (4)]
 10248 | D:8      | Slain by a black bear

Illustrated notes

Levels and vault maps discovered:
D:1:      dpeg_arrival_prison, layout_basic, serial_shops,
          nicolae_shop_tiny_real_fake_doors, st_stairs_8,
          minmay_misc_feat_nine_boxes
D:2:      layout_basic, reono_crystal_passage
D:3:      layout_loops_ring, general_overflow_altar,
          chequers_serial_rivers_micro_e, minmay_checkerbox, uniq_robin
D:4:      layout_loops_ring, overflow_temple_1_default, serial_shops, shop,
          portal_sewer_entry_d, saegor_snake_ambush, uniq_grinder
D:5:      layout_basic, mainiacjoe_overflow_chevrons,
          mainiacjoe_overflow_tiny_flanked, nicolae_ashenzari_panopticon,
          uniq_edmund
D:6:      layout_basic, mainiacjoe_overflow_small_starburst,
          mainiacjoe_overflow_six_doors_small, temple_pool_b,
          kennysheep_another_room
D:7:      layout_loops_ring, nicolae_ru_the_path_less_chosen
D:8:      layout_basic, mainiacjoe_overflow_catwalk, david_lair_generic,
          minmay_door_square

Skill      XL: |  1  2  3  4  5  6  7  8  9 |
---------------+----------------------------+-----
Fighting       | 2 4 5 6 8 9 10 11 12 | 12.7
Maces & Flails | 1 4 7 |  7.6
Dodging        | 2 3 4 |  4.0
Throwing       | 1 3 |  3.0
Armour         | |  0.1
Unarmed Combat | |  2.6
Shapeshifting  | |  3.0

Action                     |  1- 3 |  4- 6 |  7- 9 || total
---------------------------+-------+-------+-------++-------
  Melee: Unarmed           |    92 |    18 |       ||   110
         Headbutt          |    11 |    38 |    71 ||   120
         Punch             |     1 |     1 |       ||     2
         Dagger            |       |   174 |   196 ||   370
         Morningstar       |       |       |   116 ||   116
         Flail             |       |       |    22 ||    22
  Throw: Stone             |       |       |    23 ||    23
         Boomerang         |       |       |     1 ||     1
 Invoke: Light the Black T |       |       |     3 ||     3
    Use: Scroll            |       |     7 |     8 ||    15
         Potion            |       |     1 |     7 ||     8
   Stab: Held in net/web   |       |     1 |       ||     1
         Sleeping          |       |       |     1 ||     1
 Armour: Animal skin       |    57 |   143 |   323 ||   523
         Skin              |       |       |    20 ||    20
  Dodge: Dodged            |    49 |    76 |   174 ||   299
  Block: Other             |       |    35 |    77 ||   112
         Reflection        |       |     2 |     5 ||     7

Table legend: (Time is in decaauts)
 A = Elapsed time spent in this place.
 B = Non-inter-level travel time spent in this place.
 C = Inter-level travel time spent in this place.
 D = Time resting spent in this place.
 E = Time spent auto-exploring this place.
 F = Levels seen in this place.
 G = Mean time per level.
                   A        B        C        D        E       F      G
               +--------+--------+--------+--------+--------+-----+--------+
         Total |  10284 |   9728 |    556 |   2217 |   5487 |   9 | 1142.7 |
       Dungeon |   9677 |   9121 |    556 |   1720 |   5448 |   8 | 1209.6 |
         Sewer |    607 |    607 |      0 |    497 |     39 |   1 |  607.0 |
               +--------+--------+--------+--------+--------+-----+--------+

Top non-repeatable levels by time:
     D:2: 1557 daAuts
     D:3: 1436 daAuts
     D:6: 1373 daAuts
     D:5: 1373 daAuts
     D:4: 1340 daAuts
     D:1: 1092 daAuts
     D:8: 795 daAuts
     D:7: 706 daAuts
   Sewer: 607 daAuts
